 Dungeon Crawl Stone Soup version 0.21.1-1-g345015fe64 (webtiles) character file.

47 JarielCorvus the Magician (level 3, 0/19 HPs)
             Began as a Deep Elf Fire Elementalist on June 29, 2018.
             Slain by a hobgoblin
             ... wielding a +0 club
             ... led by Robin
              (2 damage)
             ... on level 2 of the Dungeon.
             The game lasted 00:04:46 (1662 turns).

JarielCorvus the Magician (DEFE)                    Turns: 1662, Time: 00:04:47

Health: 0/19       AC:  2    Str:  5    XL:     3   Next: 48%
Magic:  2/10       EV: 13    Int: 20    God:
Gold:   59         SH:  0    Dex: 15    Spells: 1/10 levels left

rFire    . . .     SeeInvis .   g - +0 dagger (protect)
rCold    . . .     Gourm    .   (no shield)
rNeg     . . .     Faith    .   a - +0 robe
rPois    .         Spirit   .   (no helmet)
rElec    .         Reflect  .   (no cloak)
rCorr    .         Harm     .   (no gloves)
MR       .....                  (no boots)
Stlth    ++........             (no amulet)
HPRegen  0.06/turn              (no ring)
MPRegen  0.12/turn              (no ring)

@: no status effects
A: no striking features
a: no special abilities


You were on level 2 of the Dungeon.
You were hungry.

You visited 1 branch of the dungeon, and saw 2 of its levels.

You collected 59 gold pieces.

Inventory:

Hand Weapons
 g - a +0 dagger of protection (weapon)
Armour
 a - a +0 robe (worn)
Scrolls
 e - 2 scrolls of remove curse {unknown}
 i - a scroll of teleportation
 j - a scroll of identify
Potions
 d - a potion of might
 f - a potion of heal wounds {unknown}
 h - a potion of magic {unknown}
 k - 2 potions of degeneration {unknown}
Books
 b - a book of Flames

   Spells                             Type                      Level
   a - Flame Tongue                   Conjuration/Fire             1
   b - Throw Flame                    Conjuration/Fire             2
   c - Conjure Flame                  Conjuration/Fire             3
   d - Inner Flame                    Hexes/Fire                   3
   e - Sticky Flame                   Conjuration/Fire             4
   f - Fireball                       Conjuration/Fire             5
Comestibles
 c - 2 rations


   Skills:
 - Level 2.4 Dodging
 - Level 2.4 Stealth
 * Level 4.4 Spellcasting
 + Level 2.0 Conjurations
 + Level 3.7 Fire Magic


You had one spell level left.
You knew the following spells:

 Your Spells              Type           Power        Failure   Level  Hunger
a - Flame Tongue          Conj/Fire      ###..        3%          1    None
b - Throw Flame           Conj/Fire      ###...       5%          2    #......
c - Conjure Flame         Conj/Fire      ###.....     11%         3    ###....
d - Inner Flame           Hex/Fire       ##......     17%         3    ###....


Dungeon Overview and Level Annotations

Branches:
Dungeon (2/15)

Altars:

Annotations:
D:2 Robin


Message History

The goblin wields a hunting sling.
The goblin shoots a stone.
The stone misses you. Robin closely misses you.
The goblin hits you but does no damage. Robin throws the goblin at you!
The goblin hits you but does no damage.
The goblin no longer looks unusually strong.
The goblin completely misses you.
Found a scroll of identify.
Things that are here:
a club; a hobgoblin corpse The hobgoblin shouts!
Robin throws the goblin at you!
The goblin unwields an uncursed hunting sling.
The goblin completely misses you.
You see here 21 arrows.
The goblin wields an uncursed hunting sling.
The goblin shoots a stone.
The stone misses you.
The stone hits the hobgoblin but does no damage.
Robin barely misses you. The hobgoblin hits you with a club.
You die...

.).g..g.......#........#
#.####
########.#...))........#
#.....
#.....#..#.####).......#
######
##.##.#..#......#'######
.........########.#########
#.###.#..########.........#
......#.............).....#
#)#####.##########g.......#
####
#.###.#'#>....(g@.gg.......?
....
#.........#########.########
#### ##........# #.#
..........# #.# ##........#
#.# #........# #.#
#........# #.# #........# .#
#........#


You could see Robin, a hobgoblin and 2 goblins.

Vanquished Creatures
  An adder (D:2)
  A dart slug (D:1)
  A leopard gecko (D:2)
  7 bats (D:1)
  A giant cockroach (D:2)
  8 goblins
  6 hobgoblins
  A frilled lizard (D:1)
  2 kobolds (D:1)
  5 rats
33 creatures vanquished.

Notes
Turn   | Place    | Note
-------+----------+-------------------------------------------
     0 | D:1      | JarielCorvus the Deep Elf Fire Elementalist began the quest for the Orb.
     0 | D:1      | Reached XP level 1. HP: 10/10 MP: 6/6
   362 | D:1      | Reached XP level 2. HP: 11/15 MP: 1/8
   530 | D:1      | Learned a level 2 spell: Throw Flame
  1191 | D:2      | Reached skill level 4 in Spellcasting
  1281 | D:2      | Reached XP level 3. HP: 19/19 MP: 7/10
  1335 | D:2      | Learned a level 3 spell: Conjure Flame
  1339 | D:2      | Learned a level 3 spell: Inner Flame
  1564 | D:2      | Noticed Robin
  1662 | D:2      | Slain by a hobgoblin

Skill      XL: |  1  2  3 |
---------------+----------+-----
Spellcasting   | 4 |  4.4
Conjurations   | 2 |  2.0
Dodging        | |  2.4
Stealth        | |  2.4
Fire Magic     | |  3.7

Action                   || total
-------------------------++-------
Melee: Dagger            ||    31
 Cast: Flame Tongue      ||    50
       Throw Flame       ||    13
       Inner Flame       ||     2
  Use: Scroll            ||     5
  Eat: Chunk             ||     2
Armor: Robe              ||    26
Dodge: Dodged            ||    37
